AoeStats
← Knacks26

Arabia

507017577Analyzed
3v3 RM · 15d ago on Sep 16, 2026· 60m 11s· 6 players
Game mode
Random Map
Map size
Normal (6 player)
Population
200
Speed
Normal
Resources
Standard
Victory
Conquest
Starting age
Dark Age
Ending age
Imperial Age
RankedLock teamsTeams togetherTeam positionsShared explorationLock speedFull tech treeHidden civsTurbo modeCheats
Victory
Defeat
🇲🇽 Huns · Mexico
670
+17
🇲🇽 Persians · Mexico
668
+18
🇲🇽 Vietnamese · Mexico
640
+19
🇦🇷 Wei · Argentina
820
-23
🇨🇳 Koreans · China
730
-19
🇫🇷 Romans · France
554
-12
crazy84aac
12:25 Feudal Age
10:40 Loom
13:21 Double-Bit Axe
16:09 Horse Collar
18:32 Fletching
19:45 Forging
25:26 Castle Age
26:03 Bow Saw
26:17 Stone Mining
26:20 Gold Mining
29:14 Stone Shaft Mining
29:17 Gold Shaft Mining
29:31 Wheelbarrow
30:46 Hand Cart
35:07 Kamandaran
34:54 Crossbowman
35:51 Bodkin Arrow
36:58 Ballistics
36:47 Elite Skirmisher
37:33 Thumb Ring
38:58 Padded Archer Armor
42:26 Imperial Age
39:42 Town Watch
41:09 Leather Archer Armor
44:11 Elite War Elephant
49:15 Scale Barding Armor
49:45 Iron Casting
49:41 Ring Archer Armor
50:18 Chemistry
52:48 Imperial Skirmisher
57:00 Chain Barding Armor
57:41 Blast Furnace
59:14 Plate Barding Armor
GfJaiR
3:43 Loom
11:15 Feudal Age
11:59 Horse Collar
12:07 Double-Bit Axe
12:24 Town Watch
13:14 Wheelbarrow
14:25 Gold Mining
24:10 Stone Mining
26:28 Castle Age
26:07 Padded Archer Armor
26:08 Scale Mail Armor
27:58 Bow Saw
28:28 Stone Shaft Mining
28:39 Hand Cart
28:50 Hand Cart
28:39 Town Patrol
29:25 Pikeman
30:31 Leather Archer Armor
30:09 Fletching
33:10 Squires
35:00 Thumb Ring
38:24 Imperial Age
36:48 Bodkin Arrow
37:10 Chain Mail Armor
41:49 Ring Archer Armor
41:20 Bracer
41:53 Plate Mail Armor
43:17 Two-Man Saw
45:04 Forging
44:24 Elite Rattan Archer
49:43 Paper Money
51:38 Ballistics
52:18 Chemistry
AIOROS
0:26 Loom
9:35 Feudal Age
10:01 Double-Bit Axe
10:00 Horse Collar
16:05 Bloodlines
18:03 Forging
19:41 Scale Barding Armor
22:04 Castle Age
23:21 Iron Casting
23:39 Chain Barding Armor
24:09 Wheelbarrow
24:03 Husbandry
25:32 Stone Mining
25:32 Gold Mining
25:55 Bow Saw
25:48 Heavy Plow
27:02 Thumb Ring
28:11 Hand Cart
27:43 Town Watch
30:26 Fletching
30:37 Padded Archer Armor
33:31 Bodkin Arrow
33:51 Leather Archer Armor
38:34 Imperial Age
36:13 Marauders
37:12 Ballistics
36:48 Murder Holes
41:35 Conscription
42:25 Blast Furnace
44:55 Chemistry
45:12 Plate Barding Armor
45:33 Elite Tarkan
48:02 Gold Shaft Mining
48:32 Parthian Tactics
50:00 Bracer
Knacks26
0:41 Loom
14:08 Feudal Age
16:14 Wheelbarrow
17:50 Double-Bit Axe
20:13 Man-at-Arms
31:19 Castle Age
29:17 Horse Collar
29:42 Stone Mining
30:52 Gold Mining
32:39 Hand Cart
32:29 Heavy Plow
32:44 Bow Saw
33:17 Gold Shaft Mining
32:52 Town Watch
33:36 Pikeman
34:18 Squires
34:27 Scale Mail Armor
40:51 Forging
40:58 Chain Mail Armor
41:05 Caravan
41:58 Ballistas
46:10 Imperial Age
狩猎
1:48 Loom
12:35 Feudal Age
12:42 Feudal Age
15:17 Double-Bit Axe
18:00 Castle Age
16:19 Double-Bit Axe
16:16 Horse Collar
16:56 Stone Mining
17:11 Gold Mining
18:27 Fletching
20:58 Stone Shaft Mining
21:33 Bow Saw
21:41 Heavy Plow
27:23 Wheelbarrow
26:33 Town Watch
28:22 Bodkin Arrow
34:34 Scale Barding Armor
34:30 Scale Mail Armor
34:41 Forging
42:29 Imperial Age
41:27 Hand Cart
41:12 Town Patrol
44:09 Conscription
43:10 Elite War Wagon
44:16 Bracer
44:37 Chain Barding Armor
44:33 Chain Mail Armor
44:53 Iron Casting
46:53 Shinkichon
46:36 Eupseong
46:55 Caravan
49:12 Plate Mail Armor
53:11 Two-Man Saw
52:47 Gold Shaft Mining
52:37 Guilds
57:49 Squires
57:10 Pikeman
57:36 Arson
58:17 Halberdier
咚咚帕
7:47 Loom
11:17 Feudal Age
11:53 Double-Bit Axe
14:09 Horse Collar
21:15 Castle Age
25:19 Fletching
25:36 Padded Archer Armor
26:00 Gold Mining
28:57 Bloodlines
31:59 Stone Mining
38:18 Imperial Age
37:12 Elite Skirmisher
37:26 Pikeman
39:04 Scale Barding Armor
45:30 Wheelbarrow
46:40 Husbandry
48:42 Forging
48:53 Chain Barding Armor
52:04 Conscription
51:24 Heavy Hei Guang Cavalry
56:59 Ming Guang Armor
Connection lost

Rejoining the realm…

Still unreachable

The connection could not be restored.

Session expired

The server has moved on; the page needs a fresh start.